 Dungeon Crawl Stone Soup version 0.32-a0-120-gfac0567ad4 (webtiles) character file.

Game seed: 5108771460239358787

76 zeratav the Trooper (level 4, 0/49 HPs)
             Began as an Oni Warper on Feb 6, 2024.
             Slain by a gnoll
             ... wielding a +0 flail
              (10 damage)
             ... on level 2 of the Dungeon.
             The game lasted 00:01:19 (946 turns).

zeratav the Trooper (Oni Warper)                     Turns: 946, Time: 00:01:19

Health: 0/49       AC:  3    Str: 17    XL:     4   Next: 32%
Magic:  7/7        EV:  9    Int: 14    God:
Gold:   42         SH:  0    Dex:  8    Spells: 7/7 levels left

rFire   x . .        a - +0 mace {mace}
rCold   + . .        (no shield)
rNeg    . . .        g - +0 robe "Epynkor" {rF- rC+ Slay+5}
rPois   .            (helmet restricted)
rElec   .            (no cloak)
rCorr   .            (gloves unavailable)
SInv    .            (boots unavailable)
Will    .....        (no amulet)
Stlth   +            (no ring)
HPRegen 0.28/turn    (no ring)
MPRegen 0.10/turn

%: no passive effects
@: no status effects
A: large, unfitting armour, horns 1, tough skin 1, double potion healing,
drunken brawling
a: no special abilities


You were on level 2 of the Dungeon.
You visited 1 branch of the dungeon, and saw 2 of its levels.

You collected 42 gold pieces.


Innate Abilities, Weirdness & Mutations

You are too large for most types of armour.
You have a pair of small horns on your head.
You have tough skin. (AC +1)
You gain doubled healing and magic from potions.
Whenever you drink a healing potion, you attack all around you.


   Skills:
 + Level 4.5 Fighting
 + Level 3.4 Maces & Flails
 - Level 1.0 Throwing
 - Level 2.1 Dodging
 - Level 2.4 Spellcasting
 - Level 2.6 Translocations


You had 7 spell levels left.
You didn't know any spells.
Your spell library contained the following spells:

 Spells                   Type           Power      Damage    Failure   Level
 Blink                    Tloc           18%        N/A       12%         2
 Lesser Beckoning         Tloc           18%        N/A       12%         2
 Teleport Other           Tloc           9%         N/A       22%         3
 Manifold Assault         Tloc           9%         N/A       58%         4
 Vhi's Electric Charge    Tloc/Air       10%        N/A       78%         4

Inventory:

Hand Weapons
 a - a +0 mace (weapon) {mace}
Missiles
 d - 7 darts of dispersal (quivered) {=fthrowing}
 h - 2 poisoned darts {throwing}
Armour
 b - a +0 robe
 g - the +0 robe "Epynkor" (worn) {rF- rC+ Slay+5}
   (You found it on level 2 of the Dungeon)

   Slay+5:    It affects your accuracy & damage with ranged weapons and melee
   (+5).
   rF-:       It makes you vulnerable to fire.
   rC+:       It protects you from cold.
Scrolls
 c - a scroll of blinking {!r}
 f - a scroll of butterflies {unknown}
 i - a scroll of identify {unknown}
 j - a scroll of teleportation {unknown}
Potions
 e - 2 potions of lignification {unknown}

Dungeon Overview and Level Annotations

Branches:
Dungeon (2/15) Zot: 11038

Altars:

########## .....g...#
##).####g#
################# ....#
#g# ##g..............#
.#..# #.#
##.#.....†)....>..#
...##
#.###.###.##.###.##.#.#
.#.# #..gg## ##g#.#
#.##.#.# ...#
#####.###@##.# #.##.#.#
..#. ######.#.....#
#.##.#.# ....
.........####.#
#.##.#.#### ##.##
#######.## #.#
#.......... #.# #.#
####<..#### #.# #...#
#.# .######...# #.#
......(....# #.#
#.######...###


You could see a gnoll.


Message History

No target in view!
Things that are here:
a +0 whip {mace}; a stone {throwing}; a kobold corpse You see here a +2 pair of gloves.
i - a scroll labelled CUEKHUELUSE You see here a +0 leather armour.
HP[+8]
Your hp is fully restored (39).
A kobold comes into view. It is wielding a +0 dagger.
The kobold shouts!
You hear an angry hiss.
A kobold is nearby!
You barely miss the kobold. You headbutt the kobold.
You kill the kobold!
Natasha, Servant of Life and Death comes into view.
Natasha hisses angrily.
Things that are here:
a +0 dagger {short}; a kobold corpse You sock Natasha!
Natasha claws you. Natasha casts a spell at you. The magic dart hits you!
HP[-11]
You take 11 damage, and now have 28/39 hp.
MASSIVE DAMAGE!! (PAUSE)
You closely miss Natasha. Natasha barely misses you.
You hit Natasha.
Natasha mewls in sadness.
Natasha claws you.
HP[-1]
You take 1 damage, and now have 27/39 hp.
You sock Natasha!
You kill Natasha!
Natasha growls in agony!
You have reached level 4!
HP[+7] MP[+1]
You now have 49 max hp (+10).
You regained 7 hp, and now have 34/49 hp.
Your mp is fully restored (7).
You see here the felid corpse of Natasha.
You start resting.
HP[+15]
Your hp is fully restored (49).
j - a scroll labelled YXEINACERU 2 gnolls come into view.
The gnoll shouts! x2; You hear a shout!
You see here a +0 dagger {short}.
A gnoll comes into view. It is wielding a +0 flail.
You see here a +0 dagger {short}.
The gnoll hits you with a +0 whip.
HP[-2]
You take 2 damage, and now have 47/49 hp.
You completely miss the gnoll. The gnoll closely misses you. x2
The gnoll hits you from afar with a +0 spear.
The gnoll hits you with a +0 whip.
HP[-5]
You take 5 damage, and now have 42/49 hp.
You barely miss the gnoll.
The gnoll hits you from afar with a +0 spear!
The gnoll hits you with a +0 whip.
HP[-10]
You take 10 damage, and now have 32/49 hp.
MASSIVE DAMAGE!! (PAUSE)
You sock the gnoll!
The gnoll hits you from afar with a +0 spear.
The gnoll hits you with a +0 whip.
HP[-2]
You take 2 damage, and now have 30/49 hp.
You barely miss the gnoll. The gnoll closely misses you.
The gnoll hits you with a +0 whip.
* * * LOW HITPOINT WARNING * * *
HP[-6]
You take 6 damage, and now have 24/49 hp.
You sock the gnoll!
You kill the gnoll!
The gnoll closely misses you.
The gnoll hits you from afar with a +0 spear.
* * * LOW HITPOINT WARNING * * *
HP[-5]
You take 5 damage, and now have 19/49 hp.
A gnoll comes into view. It is wielding a +0 spear.
The gnoll shouts!
You see here a +0 whip {mace}.
HP[+1]
The gnoll completely misses you.
You barely miss the gnoll. The gnoll hits you but does no damage.
The gnoll hits you with a +0 flail!
* * * LOW HITPOINT WARNING * * *
HP[-10]
You take 10 damage, and now have 10/49 hp.
MASSIVE DAMAGE!! (PAUSE) HP[+1]
The gnoll attacks as it pursues you! The gnoll hits you with a +0 flail.
* * * LOW HITPOINT WARNING * * *
HP[-4]
You take 4 damage, and now have 7/49 hp.
HP[+1]
The gnoll attacks as it pursues you! The gnoll barely misses you.
HP[+1] HP[+1]
You barely miss the gnoll. The gnoll hits you with a +0 flail!
You die...

Skill      XL: |  1  2 |
---------------+-------+-----
Fighting       | 3 4 |  4.5
Maces & Flails | 3 |  3.4
Throwing       | |  1.0
Dodging        | |  2.1
Spellcasting   | |  2.4
Translocations | |  2.6

Action                     |  1- 3 |  4- 6 || total
---------------------------+-------+-------++-------
  Melee: Mace              |    48 |     7 ||    55
         Headbutt          |     6 |       ||     6
         Punch             |     1 |       ||     1
 Armour: Robe              |    35 |    13 ||    48
  Dodge: Dodged            |    14 |     6 ||    20

Levels and vault maps discovered:
D:1:      dpeg_arrival_three_bigger_balls, layout_basic,
          ebering_ecumenical_altar_rust
D:2:      layout_loops_ring, serial_glass, glass_columns_a, glass_columns_c,
          uniq_terence, uniq_jessica, uniq_natasha

Notes
Turn   | Place    | Note
-------+----------+-------------------------------------------
     0 | D:1      | zeratav the Oni Warper began the quest for the Orb.
     0 | D:1      | Reached XP level 1. HP: 22/22 MP: 3/3
     0 | D:1      | magus.rc [v1.9.6]
   132 | D:1      | Reached skill level 3 in Fighting
   239 | D:1      | Reached XP level 2. HP: 30/31 MP: 5/5
   378 | D:1      | Found a faded altar of an unknown god.
   706 | D:2      | Identified the +0 robe "Epynkor" {rF- rC+ Slay+5}
   718 | D:2      | Noticed Jessica
   720 | D:2      | Killed Jessica
   721 | D:2      | Reached skill level 4 in Fighting
   721 | D:2      | Reached skill level 3 in Maces & Flails
   721 | D:2      | Reached XP level 3. HP: 39/39 MP: 6/6
   822 | D:2      | Noticed Natasha
   827 | D:2      | Killed Natasha
   828 | D:2      | Reached XP level 4. HP: 34/49 MP: 7/7
   933 | D:2      | HP: 10/49 [gnoll/+0 flail (10)]
   946 | D:2      | Slain by a gnoll

Vanquished Creatures
  Jessica (D:2)
  Natasha (D:2)
  A gnoll (D:2)
  3 endoplasms
  2 goblins (D:1)
  A hobgoblin (D:1)
  2 ball pythons
  6 kobolds
17 creatures vanquished.

Table legend:
 A = Non-vault XP
 B = Vault XP
 C = Vault XP percentage of total XP
 D = Non-vault monster count
 E = Vault monster count
 F = Vault count percentage of total count
                 A         B        C        D         E       F
            +---------+---------+-------+---------+---------+-------
      Total |      37 |      72 |  66.1 |      15 |       2 |  11.8
            +---------+---------+-------+---------+---------+-------
        D:1 |      16 |       0 |   0.0 |      10 |       0 |   0.0
        D:2 |      21 |      72 |  77.4 |       5 |       2 |  28.6
            +---------+---------+-------+---------+---------+-------

Skill      XL: |  1  2 |
---------------+-------+-----
Fighting       | 3 4 |  4.5
Maces & Flails | 3 |  3.4
Throwing       | |  1.0
Dodging        | |  2.1
Spellcasting   | |  2.4
Translocations | |  2.6

Action                     |  1- 3 |  4- 6 || total
---------------------------+-------+-------++-------
  Melee: Mace              |    48 |     7 ||    55
         Headbutt          |     6 |       ||     6
         Punch             |     1 |       ||     1
 Armour: Robe              |    35 |    13 ||    48
  Dodge: Dodged            |    14 |     6 ||    20

Illustrated notes

Table legend:
 A = Kills in this place as a percentage of kills in the entire game.
 B = Kills by you in this place as a percentage of kills by you in the entire game.
 C = Kills by friends in this place as a percentage of kills by friends in the entire game.
 D = Other kills in this place as a percentage of other kills in the entire game.
 E = Experience gained in this place as a percentage of experience gained in the entire game.
 F = Experience gained in this place divided by the number of levels of this place that you have seen.
                   A       B       C       D       E      F
               +-------+-------+-------+-------+-------+----------------------
         Total | 100.0 | 100.0 |   N/A |   N/A | 100.0 |  54.5
       Dungeon | 100.0 | 100.0 |   N/A |   N/A | 100.0 |  54.5
               +-------+-------+-------+-------+-------+----------------------

Table legend: (Time is in decaauts)
 A = Elapsed time spent in this place.
 B = Non-inter-level travel time spent in this place.
 C = Inter-level travel time spent in this place.
 D = Time resting spent in this place.
 E = Time spent auto-exploring this place.
 F = Levels seen in this place.
 G = Mean time per level.
                   A        B        C        D        E       F      G
               +--------+--------+--------+--------+--------+-----+--------+
         Total |    960 |    927 |     33 |     51 |    716 |   2 |  480.0 |
       Dungeon |    960 |    927 |     33 |     51 |    716 |   2 |  480.0 |
               +--------+--------+--------+--------+--------+-----+--------+

Top non-repeatable levels by time:
     D:1: 675 daAuts
     D:2: 285 daAuts
